 Dungeon Crawl Stone Soup version 0.17.2-1-ge4368a0 (webtiles) character file.

1127 Goblin1989 the Covert (level 8, -4/55 HPs)
             Began as a Vampire Assassin on Dec 19, 2016.
             Was an Initiate of Gozag.
             Slain by Blork the orc
             ... wielding a +0 short sword
              (5 damage)
             ... on level 5 of the Dungeon.
             The game lasted 00:19:53 (7316 turns).

Goblin1989 the Covert (Vampire Assassin)            Turns: 7316, Time: 00:19:55

Health: -4/55      AC:  0    Str:  5    XL:     8   Next: 13%
Magic:  6/8        EV: 19    Int: 13    God:    Gozag
Gold:   364        SH:  0    Dex: 23    Spells: 0 memorised, 7 levels left

rFire  . . .     SeeInvis +     (weapon currently unavailable)
rCold  + + .     Clarity  .     (armour currently unavailable)
rNeg   + + +     SustAt   .     (shield currently unavailable)
rPois  +         Gourm    .     (helmet currently unavailable)
rElec  .         Spirit   .     (cloak currently unavailable)
rCorr  .         Warding  .     (gloves currently unavailable)
rMut   .         Stasis   .     (boots currently unavailable)
MR     .....                    (no amulet)
Stlth  ++++++....               (ring currently unavailable)
                                (ring currently unavailable)

@: bat-form, flying, regenerating slowly, very quick, not resistant to hostile
enchantments, very stealthy
A: (fangs 0), see invisible, (unbreathing)
a: End Transformation, Potion Petition, Call Merchant, Bribe Branch, Renounce
Religion


You were on level 5 of the Dungeon.
You worshipped Gozag.
Gozag was noncommittal.
You were near bloodless.
You were in vampire-bat-form.
You visited 2 branches of the dungeon, and saw 6 of its levels.

You collected 442 gold pieces.
You paid 78 gold pieces to Gozag.

Inventory:

Hand Weapons
 a - a +2 dagger (melded)
 w - a +0 blowgun {@w1}
Missiles
 e - 35 poisoned needles
 f - a curare-tipped needle
Armour
 c - a +1 robe (melded)
 d - a +0 cloak (melded)
Jewellery
 o - a ring of positive energy (melded)
Scrolls
 g - 2 scrolls of amnesia {unknown}
 i - a scroll of enchant weapon {unknown}
 j - 2 scrolls of enchant armour
 k - 2 scrolls of remove curse {@r2}
 l - a scroll of immolation {unknown}
 n - 3 scrolls of identify {unknown}
 p - a scroll of magic mapping {unknown}
 r - a scroll of noise {unknown}
 x - 2 scrolls of random uselessness {unknown}
Potions
 b - a potion of magic {unknown}
 h - a potion of invisibility {unknown}
 m - a potion of might {unknown}
 q - 2 potions of curing {@q1}
 s - a potion of agility {unknown}
 t - a potion of brilliance {unknown}
 u - a potion of flight {unknown}
 v - a potion of resistance {unknown}
 z - a potion of ambrosia {unknown}
 A - 2 potions of heal wounds {unknown}
 B - a potion of haste {unknown}


   Skills:
 - Level 1.7 Fighting
 * Level 8.4 Short Blades
 - Level 1.5 Throwing
 - Level 1.1 Dodging
 + Level 11.0 Stealth


You had 7 spell levels left.
You didn't know any spells.

Dungeon Overview and Level Annotations

Branches:
Dungeon (5/15)             Temple (1/1) D:4

Altars:
Ashenzari
Cheibriados
Dithmenos
Elyvilon
Fedhas
Gozag
Kikubaaqudgha
Makhleb
Nemelex Xobeh
Qazlal
Ru
Sif Muna
Vehumet
Xom
The Shining One

Annotations:
D:4 exclusions: door and 2 more exclusions
D:5 Blork the orc


Innate Abilities, Weirdness & Mutations

You heal slowly.
((You have razor-sharp teeth.))
You have supernaturally acute eyesight.
((You can survive without breathing.))


Message History

Blork the orc screams, "I'll decorate my home with your organs!"
Blork the orc mumbles some strange words.
Blork the orc flickers and vanishes for a moment.
Blork the orc gestures at you while chanting.
The puff of flame hits you!
* * * LOW HITPOINT WARNING * * *
You take 5 damage, and have 1/55 hp.
Blork the orc hits you with a short sword.
* * * LOW HITPOINT WARNING * * *
You take 1 damage, and have 1/55 hp.
Okay, then.
Read which item? (? for menu, Esc to quit)
Okay, then.
You turn into a vampire bat.
Your +2 dagger melds into your body.
Your +0 cloak melds into your body.
Your +1 robe melds into your body.
Your ring of positive energy melds into your body.
The hound barely misses you.
Blork the orc hits you with a short sword.
You die...
Your body crumbles into a pile of gold.

█.█ █.█ █.█ █.███ █.█ █...█
█.█ ▲█ ███.█ ██.█ ... ████.█
█..██ .... ██.██.█ █.█.██
.....
███...█.████████.h..████......
....)..)........bo.h.h.∆..(...
███...█.██████...h..h███.(....
██.██.██████.█.█.█.█ ..... $
██....(..██.█.███.█ ....
█.█.███.██.█.█ █.█ ... █.█.█
█.██...█ █.█ ▲█ █.█.█ █.██..██
█.█ Z█ █...█ █.██..█ █.█ .█
█.█████.██..████.███████.███


You could see Blork the orc (invisible), a hound and 4 jackals.

Vanquished Creatures
  Edmund (D:5)
  2 phantoms (D:4)
  An ice beast (D:5)
  3 ogres
  A crimson imp (D:5)
  A jelly (D:4)
  2 hounds
  Ijyb (D:2)
  An orc wizard (D:4)
  Natasha (thrice) (D:4)
  2 worker ants (D:5)
  A hound skeleton (D:4)
  5 gnolls
  5 adders
  A shadow imp (D:5)
  An ooze (D:4)
  An adder skeleton (D:5)
  6 worms
  3 giant geckos
  6 orcs
  A ball python (D:2)
  4 bats
  4 giant cockroaches
  11 hobgoblins
  A quokka (D:2)
  A giant gecko skeleton (D:5)
  2 giant newts
  8 goblins
  6 jackals
  14 kobolds
  3 rats
102 creatures vanquished.

Notes
Turn   | Place    | Note
--------------------------------------------------------------
     0 | D:1      | Goblin1989 the Vampire Assassin began the quest for the Orb.
     0 | D:1      | Reached XP level 1. HP: 16/16 MP: 1/1
    28 | D:1      | Reached skill level 6 in Stealth
    83 | D:1      | Reached XP level 2. HP: 20/22 MP: 2/2
   923 | D:1      | Reached skill level 7 in Stealth
   923 | D:1      | Reached XP level 3. HP: 20/27 MP: 3/3
  1090 | D:2      | Noticed Ijyb
  1141 | D:2      | Killed Ijyb
  1141 | D:2      | Reached skill level 8 in Stealth
  1590 | D:2      | Reached XP level 4. HP: 33/33 MP: 4/4
  1808 | D:2      | Found a snail-covered altar of Cheibriados.
  1881 | D:2      | Found a glowing golden altar of the Shining One.
  2183 | D:3      | Found a sacrificial altar of Ru.
  2930 | D:3      | Reached XP level 5. HP: 14/38 MP: 5/5
  4299 | D:4      | Noticed an ogre
  4308 | D:4      | Noticed Natasha
  4313 | D:4      | Killed an ogre
  4313 | D:4      | Reached skill level 5 in Short Blades
  4313 | D:4      | Reached skill level 9 in Stealth
  4313 | D:4      | Reached XP level 6. HP: 40/44 MP: 6/6
  4328 | D:4      | Killed Natasha
  5122 | D:4      | Noticed a phantom
  5125 | D:4      | Killed a phantom
  5161 | D:4      | Noticed a moth of wrath
  5179 | D:4      | Noticed Natasha
  5184 | D:4      | Killed Natasha
  5258 | D:4      | Noticed Natasha
  5267 | D:4      | Killed Natasha
  5479 | D:4      | Reached XP level 7. HP: 12/49 MP: 7/7
  5993 | D:4      | Found a staircase to the Ecumenical Temple.
  6002 | Temple   | Entered the Ecumenical Temple
  6115 | Temple   | Became a worshipper of Gozag Ym Sagoz the Greedy
  6422 | D:5      | Entered Level 5 of the Dungeon
  6465 | D:5      | Reached skill level 10 in Stealth
  6596 | D:5      | Noticed Edmund
  6617 | D:5      | Killed Edmund
  6907 | D:5      | Found a shimmering altar of Xom.
  7117 | D:5      | Reached XP level 8. HP: 55/55 MP: 8/8
  7253 | D:5      | Reached skill level 11 in Stealth
  7296 | D:5      | Noticed Blork the orc
  7313 | D:5      | HP: 1/55 [Blork the orc/puff of flame (5)]
  7316 | D:5      | Slain by Blork the orc

Action                   |  1- 3 |  4- 6 |  7- 9 || total
-------------------------+-------+-------+-------++-------
Melee: Dagger            |   116 |   184 |   151 ||   451
 Fire: Blowgun           |    12 |    32 |    38 ||    82
 Abil: Bat Form          |       |     1 |     1 ||     2
       End Transformatio |       |     1 |       ||     1
  Use: Potion            |       |     5 |     2 ||     7
       Scroll            |       |     2 |       ||     2
 Stab: Sleeping          |     7 |    13 |     7 ||    27
       Distracted        |     1 |     3 |     2 ||     6

Vault maps used:
D:1:      saegor_arrival_simple_c
D:2:      nicolae_overflow_hidden_temple, nicolae_overflow_crystal_walls,
          minmay_misc_feat_square, grunt_decor_one_mirror, minivault_27,
          uniq_iyjb
D:3:      minivault_19, serial_bayou_pond_a, nicolae_ru_awakened_eye
D:4:      tgw_trog, minmay_temple_entry_statues_pillars, first_bread,
          uniq_natasha
D:5:      old_standard_altar, minmay_misc_feat_more_columns, hex_tiny,
          minmay_misc_feat_columns, uniq_edmund, uniq_blork_the_orc
Temple:   circular_temple_12
